 Dungeon Crawl Stone Soup version 0.28.0-43-g3370ac3207 (webtiles) character file.

Game seed: 8716076460439529851

126 experimilk the Cudgeller (level 5, -3/32 HPs)
             Began as a Gargoyle Fighter on Mar 7, 2022.
             Killed by divine providence
             ... invoked by an orc priest
              (9 damage)
             ... on level 3 of the Dungeon.
             The game lasted 00:07:31 (2638 turns).

experimilk the Cudgeller (Gargoyle Fighter)         Turns: 2638, Time: 00:07:31

Health: -3/32      AC: 10    Str: 21    XL:     5   Next: 10%
Magic:  5/5        EV:  9    Int:  9    God:
Gold:   117        SH:  4    Dex:  9    Spells: 4/4 levels left

rFire   . . .      SeeInvis .   k - +0 hand axe (freeze)
rCold   . . .      Faith    .   c - +0 buckler
rNeg    + . .      Spirit   .   b - +0 scale mail
rPois   ∞          Reflect  .   (no helmet)
rElec   +          Harm     .   (no cloak)
rCorr   .          Rampage  .   (no gloves)
Will    .....                   (no boots)
Stlth   ..........              f - amulet of magic regeneration
HPRegen 0.10/turn               (no ring)
MPRegen 0.49/turn               (no ring)

@: no status effects
A: sickness immunity, AC +4, negative energy resistance 1, electricity
resistance, torment resistance 1, petrification resistance
a: no special abilities


You were on level 3 of the Dungeon.
You visited 1 branch of the dungeon, and saw 3 of its levels.

You collected 117 gold pieces.

Inventory:

Hand Weapons
 a - a +0 flail
 k - a +0 hand axe of freezing (weapon)
 l - a +1 vampiric short sword
Missiles
 g - 2 boomerangs (quivered)
 n - 2 throwing nets
Armour
 b - a +0 scale mail (worn)
 c - a +0 buckler (worn)
Jewellery
 f - an amulet of magic regeneration (around neck)
Scrolls
 i - a scroll of summoning
 j - a scroll of teleportation
 o - a scroll of identify
Potions
 d - a potion of might
 e - 2 potions of curing
 m - a potion of attraction


   Skills:
 - Level 3.2 Fighting
 * Level 3.1(3.8) Axes
 - Level 3.4(4.2) Maces & Flails
 - Level 3.2 Armour
 - Level 3.2 Shields


You had 4 spell levels left.
You didn't know any spells.
Your spell library contained the following spells:

 Spells                   Type           Power      Damage    Failure   Level
 Foxfire                  Conj/Fire      0%         2x1d4     82%         1
 Conjure Flame            Conj/Fire      0%         6-21      99%         3
 Ignite Poison            Fire/Tmut/Pois 0%         N/A       99%         3
 Inner Flame              Hex/Fire       0%         N/A       99%         3
 Flame Wave               Conj/Fire      0%         2d4       100%        4
 Sticky Flame             Conj/Fire      0%         2d3       100%        4


Dungeon Overview and Level Annotations

Branches:
Dungeon (3/15)

Altars:


Innate Abilities, Weirdness & Mutations

You are immune to sickness and miasma.
Your stone body is resilient. (AC +4)
You are immune to poison.
You resist negative energy. (rN+)
You are resistant to electric shocks. (rElec)
You are resistant to unholy torment.
You are immune to petrification.


Message History

Throw: 2 boomerangs
Press: ? - help, Q - select action, (/) - cycle Shift-Dir - straight line, f/p - orc priest
Aim: an orc priest, wielding a +0 club (moderately wounded, 54% to hit)
You throw a boomerang. The boomerang hits the orc.
The orc is lightly wounded.
The orc priest mumbles some strange prayers to Beogh against you.
Beogh smites you!
The orc throws a boomerang.
The boomerang barely misses you.
You hit the orc but do no damage. The orc hits you with a +0 hand axe.
* * * LOW HITPOINT WARNING * * *
You feel much better. The orc barely misses you.
You barely miss the orc. The orc hits you but does no damage.
The orc hits you with a +0 hand axe.
You completely miss the orc. The orc hits you but does no damage.
You hit the orc. You freeze the orc.
You kill the orc!
You hit the orc. You freeze the orc.
The orc is almost dead.
The orc hits you but does no damage.
You hit the orc. You freeze the orc.
You kill the orc!
You closely miss the orc.
The orc is lightly wounded.
The orc hits you with a +0 flail. The orc misses you.
You barely miss the orc.
The orc is lightly wounded.
The orc hits you with a +0 flail.
You closely miss the orc.
The orc is lightly wounded.
The orc hits you with a +0 flail.
The orc priest invokes the aid of Beogh against you.
Beogh smites you!
You hit the orc. You freeze the orc.
You kill the orc!
You hit the orc but do no damage. The orc hits you with a +0 hand axe.
You closely miss the orc. The orc hits you with a +0 hand axe.
* * * LOW HITPOINT WARNING * * *
The orc priest mumbles some strange prayers to Beogh against you.
Beogh smites you!
You die...

#...# ##......# # #...#
#.......# #######...######
#.......# ..
................##.......#...
...........>...........o.....
....................!.o..#..
.######...######.#..o.#..#..
## #...# #.#......(# # #...#
#@#.oo.$.## #...# #o#.#.####
#...# #o....# #...# ###.###
..... #... .###.# #....#
##...# #.... #####


You could see an orc priest and an orc.

Vanquished Creatures
  3 gnolls (D:3)
  3 adders
  A worm (D:2)
  2 dart slugs
  4 orcs (D:3)
  8 ball pythons
  4 endoplasms
  4 giant cockroaches
  6 goblins
  4 hobgoblins
  2 quokkas
  3 bats
  4 frilled lizards (D:1)
  7 kobolds
  3 rats
58 creatures vanquished.

Notes
Turn   | Place    | Note
-------+----------+-------------------------------------------
     0 | D:1      | experimilk the Gargoyle Fighter began the quest for the
                  | Orb.
     0 | D:1      | Reached XP level 1. HP: 14/14 MP: 1/1
   258 | D:1      | Reached XP level 2. HP: 19/19 MP: 2/2
   720 | D:1      | Reached XP level 3. HP: 23/23 MP: 3/3
  1096 | D:1      | Found a faded altar of an unknown god.
  1433 | D:2      | Reached skill level 1 in Axes
  1623 | D:2      | Reached XP level 4. HP: 26/28 MP: 4/4
  2513 | D:3      | Reached XP level 5. HP: 32/32 MP: 5/5
  2638 | D:3      | Killed from afar by an orc priest

Illustrated notes

Levels and vault maps discovered:
D:1:      saegor_arrival_under_anarchy, layout_basic,
          shapermc_ecumenical_altar_mp_vishouse
D:2:      layout_rooms, serial_curves, eino_curves_01, eino_curves_03,
          eino_curves_03, eino_curves_01, minmay_misc_feat_four_crosses,
          minmay_quantized
D:3:      layout_loops_cross

Skill      XL: |  1  2  3  4 |
---------------+-------------+-----
Maces & Flails | 3 |  3.4
Axes           | 1 3 |  3.1
Fighting       | |  3.2
Armour         | |  3.2
Shields        | |  3.2

Action                   |  1- 3 |  4- 6 || total
-------------------------+-------+-------++-------
Melee: Flail             |    62 |       ||    62
       Hand axe          |    25 |    77 ||   102
Throw: Boomerang         |    40 |    25 ||    65
  Use: Scroll            |       |     5 ||     5
       Potion            |       |     1 ||     1
Armor: Scale mail        |    48 |    38 ||    86
Dodge: Dodged            |    40 |    35 ||    75
Block: Buckler           |    21 |    12 ||    33
